 Dungeon Crawl Stone Soup version 0.28.0-45-g0d030f2227 (webtiles) character file.

Game seed: 4566649767740852779

5 pkoi the Charlatan (level 1, 0/16 HPs)
             Began as a Demigod Artificer on Apr 8, 2022.
             Slain by an endoplasm (2 damage)
             ... on level 1 of the Dungeon.
             The game lasted 00:00:26 (218 turns).

pkoi the Charlatan (Demigod Artificer)               Turns: 218, Time: 00:00:26

Health: 0/16       AC:  3    Str: 13    XL:     1   Next: 53%
Magic:  3/3        EV: 11    Int: 13    God:
Gold:   18         SH:  0    Dex: 14    Spells: 0/0 levels left

rFire   . . .      SeeInvis .   g - +1 dagger
rCold   . . .      Faith    .   (no shield)
rNeg    . . .      Spirit   .   b - +0 leather armour
rPois   .          Reflect  .   (no helmet)
rElec   .          Harm     .   (no cloak)
rCorr   .          Rampage  .   (no gloves)
Will    .....                   (no boots)
Stlth   +.........              (no amulet)
HPRegen 0.05/turn               (no ring)
MPRegen 0.08/turn               (no ring)

@: no status effects
A: high MP 1, forlorn, divine attributes
a: no special abilities


You were on level 1 of the Dungeon.
You visited 1 branch of the dungeon, and saw 1 of its levels.

You collected 18 gold pieces.

Inventory:

Hand Weapons
 a - a +0 club
 g - a +1 dagger (weapon)
Armour
 b - a +0 leather armour (worn)
Wands
 c - a wand of flame (15) (quivered)
 d - a wand of charming (15)
Scrolls
 f - a scroll of enchant weapon
 i - a scroll of identify
Potions
 h - a potion of curing
Miscellaneous
 e - a piece from Xom's chessboard (15/15)


   Skills:
 + Level 1.0 Fighting
 - Level 1.7 Armour
 + Level 1.0 Dodging
 - Level 0.8 Stealth
 + Level 0.2 Unarmed Combat
 * Level 2.8 Evocations


You couldn't memorise any spells.
You didn't know any spells.
Your spell library was empty.

Dungeon Overview and Level Annotations

Branches:
Dungeon (1/15)


Innate Abilities, Weirdness & Mutations

You have an increased reservoir of magic. (+10% MP)
You shall have no god before yourself.
Your divine heritage dramatically boosts your attributes as you level up.


Message History

i - 2 scrolls labelled NITSUTEOLET (gained 1)
As you read the scroll labelled APUNTU GIHUNEQ, it crumbles to dust.
It is a scroll of enchant weapon.
Your +0 dagger glows red for a moment.
As you read the scroll labelled NITSUTEOLET, it crumbles to dust.
It is a scroll of identify.
h - a potion of curing
Found a hand axe.
The endoplasm quivers.
A giant cockroach comes into view.
The endoplasm jiggles.
The giant cockroach barely misses you. The endoplasm freezes you.
You are frozen.
* * * LOW HITPOINT WARNING * * *
You are too injured to fight recklessly!
You hit the giant cockroach but do no damage.
The giant cockroach bites you but does no damage.
The endoplasm freezes you.
You are frozen.
* * * LOW HITPOINT WARNING * * *
You hit the giant cockroach but do no damage.
The giant cockroach closely misses you. The endoplasm closely misses you.
The giant cockroach closely misses you.
You hit the giant cockroach.
The giant cockroach is severely wounded.
The endoplasm closely misses you. The giant cockroach closely misses you.
You hit the giant cockroach.
You kill the giant cockroach!
The endoplasm freezes you.
You are frozen.
* * * LOW HITPOINT WARNING * * *
The endoplasm freezes you.
You are frozen.
* * * LOW HITPOINT WARNING * * *
You see here a giant cockroach corpse.
You hit the endoplasm.
The endoplasm is heavily wounded.
The endoplasm hits you.
You die...

.###.....#.#
##..[
...........#
#8...
#########...#..#
##...
+...........#..#
##...
###.........#
#8...
#.......#.#
##...
.......##....#
##...
#.###....##...##
#8...
#..###@J.(.#
##... #...
###.#.# #...
#.## ...+#
###... #..
###... #.....
...# ##....)
)...# #......
....####......
###.#8.......<
####......


You could see an endoplasm.

Vanquished Creatures
  An endoplasm (D:1)
  2 giant cockroaches (D:1)
  A goblin (D:1)
4 creatures vanquished.

Notes
Turn   | Place    | Note
-------+----------+-------------------------------------------
     0 | D:1      | pkoi the Demigod Artificer began the quest for the Orb.
     0 | D:1      | Reached XP level 1. HP: 15/15 MP: 3/3
    58 | D:1      | Reached skill level 1 in Fighting
    58 | D:1      | Reached skill level 1 in Dodging
   218 | D:1      | Slain by an endoplasm

Illustrated notes

Levels and vault maps discovered:
D:1:      psy_arrival_heroes, layout_basic, minmay_worlds_worst_comb

Skill      XL: |  1 |
---------------+----+-----
Fighting       | 1 |  1.0
Dodging        | 1 |  1.0
Armour         | |  1.7
Stealth        | |  0.8
Unarmed Combat | |  0.2
Evocations     | |  2.8

Action                   || total
-------------------------++-------
Melee: Dagger            ||    20
  Use: Scroll            ||     2
Armor: Leather armour    ||     4
Dodge: Dodged            ||    11
